 Dungeon Crawl Stone Soup version bcrawl-1.20.1-3-gdcb1fc31ed (webtiles) character file.

Game seed: 5561720760384659965

489 KristoblXynda the Slasher (level 6, 0/52 HPs)
             Began as a Draconian Gladiator on Jan 30, 2020.
             Slain by a troll (13 damage)
             ... on level 4 of the Dungeon.
             The game lasted 00:06:03 (3722 turns).

KristoblXynda the Slasher (Draconian Gladiator)     Turns: 3722, Time: 00:06:03

Health: 0/52       AC:  8    Str: 17    XL:     6   Next: 90%
Magic:  6/6        EV: 14    Int: 10    God:
Gold:   535        SH:  1    Dex: 12    Spells: 5/5 levels left

rFire    . . .     SeeInvis .   a - +0 long sword
rCold    . . .     Gourm    +   (no shield)
rNeg     . . .     Faith    .   (armour unavailable)
rPois    .         Spirit   .   b - +0 hat
rElec    .         Reflect  .   (no cloak)
rCorr    .         Harm     .   (no gloves)
MR       .....                  k - +0 pair of boots
Stlth    +.........             j - amulet of the gourmand
HPRegen  0.17/turn              f - +1 ring of protection
MPRegen  0.10/turn              (no ring)

@: no status effects
A: unfitting armour, cold-blooded, AC +6
a: no special abilities


You were on level 4 of the Dungeon.
You were not hungry.

You visited 1 branch of the dungeon, and saw 4 of its levels.
You also visited: Ossuary.

You collected 584 gold pieces.
You spent 49 gold pieces at shops.

Inventory:

Hand Weapons
 a - a +0 long sword (weapon)
Armour
 b - a +0 hat (worn)
 k - a +0 pair of boots (worn)
Jewellery
 f - a +1 ring of protection (left hand)
 j - an amulet of the gourmand (around neck)
Scrolls
 d - a scroll of remove curse
 i - 2 scrolls of identify
 m - 2 scrolls of teleportation
Comestibles
 e - 8 rations {!d}


   Skills:
 + Level 3.8 Fighting
 * Level 6.0 Long Blades
 - Level 2.4 Throwing
 + Level 4.2 Dodging


You had 5 spell levels left.
You didn't know any spells.
Your spell library was empty.

Dungeon Overview and Level Annotations

Branches:
Dungeon (4/12)
 Temple: D:4-7

Altars:
Cheibriados
Elyvilon
Okawaru
The Shining One

Shops:
D:4 ?


Innate Abilities, Weirdness & Mutations

Your plain brown scales are hard. (AC +6)
You cannot fit into any form of body armour.
You are cold-blooded and may be slowed by cold attacks.


Message History

The troll is moderately wounded.
The troll struggles against the net.
You slash the troll!
The troll is heavily wounded.
The troll struggles against the net.
The net rips apart, and the troll comes free!
You barely miss the troll.
The troll is heavily wounded.
The troll misses you. The troll claws you.
* * * LOW HITPOINT WARNING * * *
The troll closely misses you.
Throwing (i - inventory)
c - a throwing net (quivered)
{!f}
Press: ? - help, Shift-Dir - straight line, f/p - troll
Aim: a troll (moderately wounded) Really fire
c - a throwing net {!f}?
You throw a throwing net {!f}.
The throwing net {!f} closely misses the troll.
The throwing net {!f} hits the orc.
The orc is caught in the net!
The orc struggles against the net.
The troll bites you!
You die...

,,,**.........#..$##
,,,**...!.....#.###
,,,,,.........#.#
,,,,*,,,.....,#.#
,,,**,,,,,,,,,#Z##
,,,******,****#Za#
,,,* *,* ##o#
*********,* #T#
***,,,,,,,* #@#
**,,,,,,,,** #.#
*,,,,,,,,,,* #.#
,,,,,,,,,,,* #.#*
,,,,,,,,,,,* #..*
*,,,,,,,,,,* ##.*
*,,,,,,,,,,* *.*
**,,,,,,,,** *.#
*,,,,,,,,,,******,*


You could see a troll, a worker ant, an orc (caught), an adder skeleton and a
howler monkey skeleton.

Vanquished Creatures
  An elf zombie (Ossuary)
  2 electric eels (D:3)
  A hound (D:2)
  An orc wizard (D:4)
  A worker ant (D:2)
  A killer bee zombie (D:3)
  4 big kobold zombies (Ossuary)
  A hound skeleton (D:3)
  2 mummies (Ossuary)
  4 adders
  2 oozes
  2 worms
  2 dart slugs
  5 leopard geckos
  3 orcs
  2 ball pythons (D:1)
  6 bats
  2 giant cockroaches
  5 goblins
  5 hobgoblins
  8 kobolds
  2 quokkas (D:3)
  9 frilled lizards
  2 gnoll zombies (Ossuary)
  2 goblin zombies (Ossuary)
  4 hobgoblin zombies (Ossuary)
  An orc zombie (Ossuary)
  8 rats
88 creatures vanquished.

Notes
Turn   | Place    | Note
-------+----------+-------------------------------------------
     0 | D:1      | KristoblXynda the Draconian Gladiator began the quest for
                  | the Orb.
     0 | D:1      | Reached XP level 1. HP: 17/17 MP: 1/1
   192 | D:1      | Reached XP level 2. HP: 24/24 MP: 2/2
   363 | D:1      | HP: 1/24 [dart slug/slug dart (3)]
   784 | D:1      | Reached XP level 3. HP: 23/29 MP: 3/3
  1074 | D:2      | Reached skill level 4 in Long Blades
  1074 | D:2      | Reached XP level 4. HP: 35/36 MP: 4/4
  1346 | D:2      | Found a glowing golden altar of the Shining One.
  1854 | D:3      | Reached XP level 5. HP: 33/42 MP: 5/5
  1929 | D:3      | Found a transporter.
  2079 | D:3      | Found a white marble altar of Elyvilon.
  2079 | D:3      | Found a snail-covered altar of Cheibriados.
  2132 | D:3      | Found a transporter.
  2449 | D:3      | Found an iron altar of Okawaru.
  2628 | D:3      | Reached skill level 5 in Long Blades
  2760 | D:3      | Reached XP level 6. HP: 30/51 MP: 6/6
  2930 | D:4      | Found Baddal's Magic Scroll Boutique.
  2936 | D:4      | Bought a scroll of magic mapping for 49 gold pieces
  2948 | D:4      | HP: 1/51 [orc priest/divine providence (10)]
  2951 | D:4      | Noticed a troll
  2953 | D:4      | Found a sand-covered staircase.
  2963 | Ossuary  | Entered an ossuary
  3714 | D:4      | Reached skill level 6 in Long Blades
  3722 | D:4      | Slain by a troll

Skill      XL: |  1  2  3  4  5  6 |
---------------+-------------------+-----
Throwing       | 2 |  2.4
Dodging        | 3 4 |  4.2
Long Blades    | 4 5 6 |  6.0
Fighting       | 3 |  3.8

Action                   |  1- 3 |  4- 6 || total
-------------------------+-------+-------++-------
Melee: Long sword        |    87 |   250 ||   337
       Tailslap          |    12 |    41 ||    53
Throw: Throwing net      |       |     3 ||     3
Evoke: Wand              |       |     8 ||     8
  Use: Scroll            |       |    13 ||    13
 Stab: Held in net/web   |       |     2 ||     2
  Eat: Chunk             |     1 |     6 ||     7
       Ration            |       |     1 ||     1
Armor: Skin              |    33 |    71 ||   104
Dodge: Dodged            |    81 |   147 ||   228
Block: Other             |     1 |    10 ||    11
